 Dungeon Crawl Stone Soup version 0.28-a0-655-g4eb62b627b (webtiles) character file.

Game seed: 16268913842656284832

149 sleeves the Chopper (level 5, 19/41 HPs)
             Began as a Demonspawn Fighter on Oct 12, 2021.
             Was an Initiate of Ashenzari.
             Quit the game on level 3 of the Dungeon.
             The game lasted 00:03:01 (2489 turns).

sleeves the Chopper (Demonspawn Fighter)            Turns: 2489, Time: 00:03:01

Health: 19/41      AC:  6    Str: 18    XL:     5   Next: 9%
Magic:  4/5        EV: 11    Int:  9    God:    Ashenzari [......]
Gold:   111        SH:  4    Dex: 12    Spells: 4/4 levels left

rFire   . . .      SeeInvis +   a - +0 war axe
rCold   . . .      Faith    .   c - +0 buckler of Ashenzari's Gnosis {Bglg, Cun} (curse)
rNeg    . . .      Spirit   +   b - +0 scale mail
rPois   .          Reflect  .   (no helmet)
rElec   .          Harm     .   (no cloak)
rCorr   .          Rampage  .   (no gloves)
Will    .....                   (no boots)
Stlth   ..........              (no amulet)
HPRegen 0.13/turn               f - ring of see invisible
MPRegen 0.18/turn               (no ring)

@: mildly poisoned (19 -> 14)
A: claws 1, repulsion field 1, magic shield, magic regeneration
a: Renounce Religion, Curse Item, Shatter the Chains


You were on level 3 of the Dungeon.
You worshipped Ashenzari.
Ashenzari was noncommittal.
You visited 1 branch of the dungeon, and saw 3 of its levels.

You collected 111 gold pieces.

Inventory:

Hand Weapons
 a - a +0 war axe (weapon)
Armour
 b - a +0 scale mail (worn)
 c - the cursed +0 buckler of Ashenzari's Gnosis (worn) {Bglg, Cun}

   It has a curse which improves the following skills: Beguiling: Conjurations,
   Hexes and Translocations.
   Cunning:   Dodging and Stealth.
Jewellery
 f - a ring of see invisible (left claw)
   (You found it on level 1 of the Dungeon)
Scrolls
 e - a scroll of teleportation
 h - a scroll of noise
Potions
 d - a potion of might
 g - a potion of brilliance
 i - a potion of curing


   Skills:
 - Level 3.0 Fighting
 + Level 4.8 Axes
 - Level 2.6 Armour
 - Level 2.6 Shields
 + Level 0.2 Unarmed Combat


You had 4 spell levels left.
You didn't know any spells.
Your spell library contained the following spells:

 Spells                   Type           Power      Damage    Failure   Level
 Freeze                   Ice            0%         1d3       83%         1
 Frozen Ramparts          Ice            0%         1d2       99%         3
 Hailstorm                Conj/Ice       0%         3d3       100%        4


Dungeon Overview and Level Annotations

Branches:
Dungeon (3/15)

Altars:
Ashenzari
Okawaru

Shops:
D:2 =


Innate Abilities, Weirdness & Mutations

You have sharp fingernails.
You are surrounded by a mild repulsion field. (EV +2)
When hurt, damage is shared between your health and your magic reserves.
You regenerate magic rapidly.


Message History

You are no longer poisoned.
Things that are here:
a +0 dagger of venom; 5 stones; a kobold corpse A ball python comes into view.
The ball python hisses angrily.
A ball python is nearby!
A ball python is nearby!
A ball python is nearby!
A ball python is nearby!
A ball python is nearby!
You hit the ball python.
You kill the ball python!
No target in view!
No target in view!
Found a robe.
A ball python and a rat come into view.
Found a stone staircase leading down.
The ball python hisses angrily.
There are monsters nearby!
You closely miss the ball python. You block the ball python's attack.
The ball python barely misses you.
You slash the ball python!
You kill the ball python!
You hit the rat.
You kill the rat!
No target in view!
No target in view!
No target in view!
No target in view!
No target in view!
No target in view!
No target in view!
No target in view!
No target in view!
e - a scroll labelled KUNUDE HUVI A kobold comes into view.
It is wielding a +0 short sword.
The kobold shouts!
A kobold is nearby!
A kobold is nearby!
Found 11 gold pieces.
The kobold hits you but does no damage.
You miss the kobold. You block the kobold's attack.
You miss the kobold. You block the kobold's attack.
You completely miss the kobold. You block the kobold's attack.
The kobold hits you with a +0 short sword.
You closely miss the kobold. The kobold hits you but does no damage.
You closely miss the kobold. The kobold barely misses you.
You block the kobold's attack.
You barely miss the kobold. The kobold hits you but does no damage.
You completely miss the kobold. The kobold hits you but does no damage.
You closely miss the kobold. The kobold closely misses you.
The kobold hits you but does no damage.
You slash the kobold!
You kill the kobold!
You see here a +0 short sword.
f - a ring of see invisible You now have 13 gold pieces (gained 11).
Found a short sword.
f - a ring of see invisible (left hand)
A goblin comes into view. It is wielding a +0 dagger.
A goblin is nearby!
A goblin is nearby!
A goblin is nearby!
You block the goblin's attack.
You barely miss the goblin. The goblin hits you but does no damage.
You hit the goblin.
The goblin is severely wounded.
The goblin hits you but does no damage. The goblin hits you with a +0 dagger.
You hit the goblin.
You kill the goblin!
No target in view!
Things that are here:
a +0 dagger; a goblin corpse A kobold comes into view.
It is wielding a +0 dagger.
The kobold shouts!
The kobold throws a stone.
The stone hits you but does no damage.
A kobold is nearby!
A kobold is nearby!
The kobold hits you but does no damage.
You closely miss the kobold. The kobold hits you with a +0 dagger.
The kobold hits you but does no damage.
You slash the kobold!
You kill the kobold!
No target in view!
No target in view!
No target in view!
No target in view!
No target in view!
No target in view!
Things that are here:
a +0 dagger; 3 stones; a kobold corpse
Things that are here:
a +0 dagger; a goblin corpse You open the door.
There is an open door here.
There is an open door here.
There is a stone staircase leading down here.
You see here a +0 whip.
A hobgoblin comes into view.
The hobgoblin shouts!
A hobgoblin is nearby!
A hobgoblin is nearby!
The hobgoblin hits you but does no damage.
You slash the hobgoblin!
You kill the hobgoblin!
No target in view!
No target in view!
No target in view!
No target in view!
No target in view!
A rat comes into view.
A rat is nearby!
A rat is nearby!
A rat is nearby!
You barely miss the rat. The rat closely misses you. The rat bites you.
You slash the rat!
You kill the rat!
No target in view!
No target in view!
No target in view!
No target in view!
No target in view!
No target in view!
No target in view!
No target in view!
No target in view!
You open the door.
There is an open door here.
Found a twisted smoking staff.
You see here a staff of poison.
Found a stone staircase leading down.
A rat comes into view.
A rat is nearby!
The rat closely misses you.
You closely miss the rat. You block the rat's attack. The rat bites you.
You barely miss the rat. You block the rat's attack.
You closely miss the rat. The rat bites you.
You slash the rat!
You kill the rat!
No target in view!
No target in view!
A bat comes into view.
The bat moves out of view.
A bat is nearby!
You block the bat's attack.
You see here 9 arrows.
You hit the bat.
The bat is heavily wounded.
The bat hits you but does no damage. The bat barely misses you.
The bat hits you but does no damage. The bat barely misses you. x2
Your scale mail prevents you from hitting the bat.
The bat is heavily wounded.
The bat hits you but does no damage. x2
You hit the bat.
You kill the bat!
You see here a +0 dagger.
Found a spear.
You see here a +0 spear.
You open the door. You open the door.
There is an open door here.
A kobold comes into view. It is wielding a +0 club.
Found a fuming ruby potion and 12 stones.
The kobold throws a stone.
The stone hits you but does no damage.
A kobold is nearby!
A hobgoblin comes into view.
The hobgoblin shouts!
There are monsters nearby!
You slash the kobold!
You kill the kobold!
A bat comes into view.
Your Axes skill increases to level 3!
The bat hits you but does no damage. The hobgoblin barely misses you.
You barely miss the hobgoblin. The bat hits you. The hobgoblin hits you.
You slash the hobgoblin!
You kill the hobgoblin!
You hit the bat. You block the bat's attack. The bat hits you.
You closely miss the bat. The bat closely misses you.
You block the bat's attack. The bat hits you but does no damage.
A bat is nearby!
A bat is nearby!
The bat completely misses you.
Your shield and scale mail prevent you from hitting the bat.
The bat barely misses you. The bat hits you but does no damage.
You block the bat's attack.
You closely miss the bat. The bat closely misses you.
The bat hits you but does no damage.
You miss the bat. The bat completely misses you.
You slash the bat!
You kill the bat!
No target in view!
No target in view!
No target in view!
No target in view!
No target in view!
Things that are here:
a +0 club; 3 stones; a kobold corpse
g - a fuming ruby potion No target in view!
h - a scroll labelled MUHUDDOUSS No target in view!
A goblin comes into view. It is wielding a +0 club.
The goblin shouts!
A goblin is nearby!
A goblin is nearby!
A goblin is nearby!
You block the goblin's attack.
You closely miss the goblin. The goblin barely misses you.
The goblin closely misses you.
You closely miss the goblin. The goblin hits you with a +0 club.
You closely miss the goblin. The goblin closely misses you.
You closely miss the goblin. You block the goblin's attack.
The goblin closely misses you.
Your scale mail prevents you from hitting the goblin.
The goblin closely misses you.
You hit the goblin.
You kill the goblin!
No target in view!
No target in view!
No target in view!
No target in view!
A jackal comes into view.
The jackal barks!
You hear a bark!
A jackal is nearby!
A jackal is nearby!
The jackal bites you but does no damage.
You slash the jackal!
You kill the jackal!
A jackal comes into view.
The jackal bites you but does no damage.
You slash the jackal!
You kill the jackal!
No target in view!
No target in view!
No target in view!
No target in view!
No target in view!
No target in view!
No target in view!
You open the door.
Found a faded altar of an unknown god.
There is an open door here.
There is a faded altar of an unknown god here.
You open the door.
There is an open door here.
A hobgoblin comes into view.
The hobgoblin shouts!
A hobgoblin is nearby!
A goblin comes into view. It is wielding a +0 dagger.
The goblin shouts!
The hobgoblin barely misses you.
You barely miss the hobgoblin. You block the hobgoblin's attack.
You hit the hobgoblin.
The hobgoblin is moderately wounded.
The hobgoblin hits you but does no damage. x2
You barely miss the hobgoblin.
The hobgoblin is moderately wounded.
The hobgoblin hits you but does no damage.
You barely miss the hobgoblin.
The hobgoblin is moderately wounded.
The hobgoblin hits you. The goblin hits you but does no damage.
You hit the hobgoblin.
The hobgoblin is severely wounded.
You completely miss the goblin. The hobgoblin misses you.
The goblin hits you but does no damage. The hobgoblin hits you.
You barely miss the hobgoblin.
The hobgoblin is severely wounded.
You barely miss the goblin. The goblin hits you with a +0 dagger.
The hobgoblin hits you but does no damage.
You hit the hobgoblin.
You kill the hobgoblin!
You miss the goblin.
The goblin hits you but does no damage. x2
You have reached level 3!
Your experience leads to an increase in your attributes!
Increase (S)trength, (I)ntelligence, or (D)exterity?
You feel stronger.
Your demonic ancestry asserts itself...
You feel your magical essence form a protective shroud around your flesh.
You barely miss the goblin. The goblin closely misses you.
You barely miss the goblin. The goblin hits you with a +0 dagger.
The goblin hits you but does no damage.
You barely miss the goblin. The goblin hits you but does no damage.
You closely miss the goblin. You block the goblin's attack.
The goblin hits you but does no damage.
You slash the goblin!
You kill the goblin!
Things that are here:
a +0 dagger; a goblin corpse You start resting.
HP restored.
There is an open door here.
There is a faded altar of an unknown god here.
Unknown command.
Press < or > to pray at altars.
Unknown command.
Press < or > to pray at altars.
There is a faded altar of an unknown god here.
You cannot tell which god this altar belongs to.
Convert to them anyway?
Okay, then.
You cannot tell which god this altar belongs to.
Convert to them anyway?
Ashenzari accepts your prayer! Ashenzari welcomes you!
e - a scroll of teleportation;
g - a potion of brilliance
h - a scroll of noise Ashenzari warns you of distant threats and treasures.
Ashenzari reveals the structure of the dungeon to you.
Ashenzari shows you where magical portals lie.
Ashenzari prevents you from stumbling into unseen traps.
Ashenzari identifies your possessions.
There is an open door here.
Ashenzari invites you to partake of a vision and a curse of beguiling and cunning.
You now have 17 gold pieces (gained 4).
You open the door.
There is an open door here.
Key pressed, stopping explore.
Things that are here:
a +0 dagger; a goblin corpse
There is an open door here.
You see here a staff of poison.
There is an open door here.
You open the door.
Found 16 arrows.
Okay, then.
There is an open door here.
There is an open door here.
Done exploring.
Done exploring.
Done exploring.
No target in view!
You can't go down here!
(D) Dungeon
Where to? (Enter - D:1 @ (x,y), ? - help)
There is a stone staircase leading down here.
You climb downwards.
The adder hisses angrily.
The ball python hisses angrily.
Found 25 gold pieces and a +0 spear.
There is a stone staircase leading up here.
There are monsters nearby!
There are monsters nearby!
There are monsters nearby!
The ball python barely misses you. The ball python closely misses you.
An endoplasm comes into view.
A goblin comes into view. It is wielding a +0 club.
Your shield and scale mail prevent you from hitting the ball python.
The goblin shouts!
You block the ball python's attack. x2
Your +0 buckler glows black for a moment.
The ball python bites you but does no damage.
You block the ball python's attack.
The ball python bites you but does no damage.
The ball python grabs you. The ball python constricts you.
You barely miss the goblin. You hit the ball python.
You kill the ball python!
The goblin barely misses you.
You hit the goblin.
You kill the goblin!
You hit the endoplasm. The endoplasm closely misses you.
The endoplasm barely misses you. The adder bites you but does no damage.
Your shield and scale mail prevent you from hitting the endoplasm.
The endoplasm is almost dead.
You barely miss the adder. The adder bites you but does no damage.
The endoplasm freezes you.
You are frozen.
You slash the adder!
The adder is almost dead.
You hit the endoplasm but do no damage. The adder bites you but does no damage.
The endoplasm freezes you.
You are frozen.
The adder closely misses you.
You barely miss the adder.
The adder is almost dead.
You slash the endoplasm!
You kill the endoplasm!
You block the adder's attack. x2
You hit the adder but do no damage.
The adder is almost dead.
The adder bites you but does no damage. The adder bites you.
You slash the adder!
You kill the adder!
A kobold comes into view. It is wielding a +0 dagger.
Things that are here:
a +0 club; a goblin corpse A kobold is nearby!
A kobold is nearby!
A kobold is nearby!
A kobold is nearby!
You are too injured to fight recklessly!
You are too injured to fight recklessly!
You are too injured to fight recklessly!
You are too injured to fight recklessly!
The kobold shouts!
The kobold throws a stone.
The stone closely misses you.
The kobold throws a stone.
The stone barely misses you. The kobold hits you but does no damage.
You hit the kobold.
The kobold is heavily wounded.
The kobold hits you but does no damage.
You barely miss the kobold.
The kobold is heavily wounded.
The kobold hits you but does no damage.
You barely miss the kobold.
The kobold is heavily wounded.
The kobold hits you but does no damage. You block the kobold's attack.
You slash the kobold!
You kill the kobold!
Things that are here:
a +0 dagger; 2 stones Key pressed, stopping explore.
HP restored.
Things that are here:
a +0 dagger; 2 stones
There is a stone staircase leading up here.
You now have 33 gold pieces (gained 16).
You see here a +0 spear.
You now have 42 gold pieces (gained 9).
Found a stone staircase leading up.
There is a stone staircase leading up here.
A goblin comes into view. It is wielding a +0 club.
The goblin shouts!
A goblin is nearby!
A goblin is nearby!
The goblin hits you but does no damage.
You barely miss the goblin. The goblin hits you but does no damage.
You slash the goblin!
You kill the goblin!
No target in view!
No target in view!
No target in view!
No target in view!
No target in view!
No target in view!
No target in view!
Things that are here:
a +0 club; a goblin corpse A giant cockroach comes into view.
The giant cockroach moves out of view.
You pick up a book of Frost and begin reading...
You add the spells Freeze, Frozen Ramparts and Hailstorm to your library.
A giant cockroach is nearby!
The giant cockroach bites you but does no damage.
You hit the giant cockroach.
The giant cockroach is moderately wounded.
The giant cockroach bites you but does no damage. x2
You slash the giant cockroach!
You kill the giant cockroach!
No target in view!
No target in view!
No target in view!
No target in view!
No target in view!
No target in view!
No target in view!
Okay, then.
An adder comes into view.
An adder is nearby!
An adder is nearby!
You completely miss the adder. The adder bites you but does no damage.
You block the adder's attack.
You barely miss the adder. The adder barely misses you.
You block the adder's attack.
You barely miss the adder. The adder barely misses you.
Your scale mail prevents you from hitting the adder.
The adder closely misses you. The adder bites you but does no damage.
You slash the adder!
The adder is almost dead.
The adder bites you but does no damage. The adder barely misses you.
You slash the adder!
You kill the adder!
No target in view!
No target in view!
No target in view!
No target in view!
No target in view!
No target in view!
No target in view!
No target in view!
No target in view!
No target in view!
An adder comes into view.
Found a scroll of identify.
The adder hisses angrily.
You hear a shout!
An adder is nearby!
An adder is nearby!
An adder is nearby!
A hobgoblin comes into view.
Found 14 bolts.
The hobgoblin shouts!
You hear an angry hiss.
The adder closely misses you.
You barely miss the adder. The adder closely misses you. The adder bites you.
You are poisoned.
The adder poisons you!
You slash the adder!
The adder is almost dead.
You feel sick. You block the adder's attack. The adder closely misses you.
A bat comes into view.
You slash the adder!
You kill the adder!
You feel sick.
An adder comes into view.
You hit the hobgoblin.
The hobgoblin is severely wounded.
You feel sick.
You are no longer poisoned.
The bat closely misses you. The hobgoblin misses you.
The bat hits you but does no damage.
You barely miss the hobgoblin.
The hobgoblin is severely wounded.
You barely miss the bat. You block the bat's attack. The hobgoblin hits you.
You closely miss the hobgoblin.
The hobgoblin is severely wounded.
You block the bat's attack. The bat hits you but does no damage.
The hobgoblin closely misses you. The hobgoblin completely misses you.
You hit the hobgoblin.
The hobgoblin is almost dead.
You barely miss the bat. You block the bat's attack.
The hobgoblin barely misses you. The bat hits you but does no damage.
You hit the hobgoblin.
You kill the hobgoblin!
You miss the bat. The bat hits you. The bat closely misses you.
The adder closely misses you.
You barely miss the adder. You hit the bat but do no damage.
The bat hits you but does no damage. You block the bat's attack.
You block the adder's attack. The bat hits you but does no damage.
The adder bites you but does no damage.
You closely miss the adder. You hit the bat.
You kill the bat!
You block the adder's attack. The adder bites you.
You have reached level 4!
You feel stronger.
Your demonic ancestry asserts itself...
You begin to radiate repulsive energy.
You barely miss the adder. The adder bites you.
You hit the adder.
The adder is heavily wounded.
The adder bites you but does no damage. x2
You slash the adder!
You kill the adder!
Your Axes skill increases to level 4!
Found a stone staircase leading up.
You see here a hobgoblin corpse.
Found a stone staircase leading down.
You start resting.
Magic restored.
You start resting.
HP restored.
You see here a scroll of identify.
Key pressed, stopping explore.
Terence the Incautious comes into view.
He is wielding a +0 flail.
Terence shouts!
You hear a shout!
Terence is nearby!
Terence is nearby!
Terence is nearby!
You see here 11 gold pieces.
A hobgoblin comes into view.
The hobgoblin shouts!
Terence hits you with a +0 flail.
An adder comes into view.
The adder hisses angrily.
You hit Terence.
Terence is lightly wounded.
Terence closely misses you.
Your scale mail prevents you from hitting Terence.
Terence is lightly wounded.
You hit the hobgoblin but do no damage. Terence barely misses you.
The hobgoblin barely misses you.
Terence asks, "Do you want it fast or slow?"
You block Terence's attack.
You completely miss Terence.
Terence is lightly wounded.
You closely miss the hobgoblin. You block the hobgoblin's attack.
Terence hits you with a +0 flail.
You barely miss Terence.
Terence is lightly wounded.
You closely miss the hobgoblin.
The hobgoblin hits you but does no damage.
Terence hits you with a +0 flail. The hobgoblin barely misses you.
You hit Terence.
Terence is moderately wounded.
You slash the hobgoblin!
You kill the hobgoblin!
Terence hits you with a +0 flail! The adder closely misses you.
Terence hits you with a +0 flail!
* * * LOW HITPOINT WARNING * * *
You are too injured to fight recklessly!
You are too injured to fight recklessly!
You are too injured to fight recklessly!
You are too injured to fight recklessly!
You are too injured to fight recklessly!
You are too injured to fight recklessly!
You are too injured to fight recklessly!
You are too injured to fight recklessly!
You are too injured to fight recklessly!
You are too injured to fight recklessly!
You are too injured to fight recklessly!
You are too injured to fight recklessly!
You are too injured to fight recklessly!
You are too injured to fight recklessly!
You are too injured to fight recklessly!
You are too injured to fight recklessly!
You are too injured to fight recklessly!
You are too injured to fight recklessly!
You are too injured to fight recklessly!
You are too injured to fight recklessly!
You are too injured to fight recklessly!
You see here 11 gold pieces.
The adder completely misses you.
You hit the adder.
The adder is moderately wounded.
The adder barely misses you. You block the adder's attack.
You closely miss the adder.
The adder is moderately wounded.
The adder bites you but does no damage. x2
You barely miss the adder.
The adder is moderately wounded.
You slash Terence! Terence barely misses you.
The adder bites you but does no damage. You block Terence's attack.
You hit the adder.
The adder is severely wounded.
You hit Terence but do no damage. The adder barely misses you.
The adder bites you but does no damage. Terence barely misses you.
You closely miss the adder.
The adder is severely wounded.
You hit Terence but do no damage. The adder bites you but does no damage.
Terence hits you with a +0 flail.
* * * LOW HITPOINT WARNING * * *
A goblin comes into view. It is wielding a +0 club.
The adder bites you.
* * * LOW HITPOINT WARNING * * *
You miss the adder.
The adder is severely wounded.
The goblin shouts!
You hit Terence but do no damage. Terence misses you.
You block the adder's attack. Terence hits you with a +0 flail.
* * * LOW HITPOINT WARNING * * *
You hit Terence but do no damage.
Terence is severely wounded.
You hit the adder but do no damage. The adder bites you but does no damage.
The adder closely misses you.
Terence shouts, "ATTACK!!!"
You block Terence's attack.
You slash Terence!
You kill Terence!
You hit the adder.
You kill the adder!
The goblin closely misses you.
Things that are here:
a +0 flail; a +0 chain mail; the human corpse of Terence You slash the goblin!
You kill the goblin!
You see here a +0 club.
A ball python comes into view.
A ball python is nearby!
A ball python is nearby!
A ball python is nearby!
You are too injured to fight recklessly!
The ball python hisses angrily.
You see here 11 gold pieces.
The ball python bites you but does no damage.
The ball python closely misses you.
Your shield prevents you from hitting the ball python.
The ball python closely misses you. The ball python grabs you.
The ball python constricts you. The ball python barely misses you.
The ball python constricts you.
* * * LOW HITPOINT WARNING * * *
You slash the ball python!
You kill the ball python!
You swing at nothing.
Key pressed, stopping explore.
You now have 53 gold pieces (gained 11).
You see here a ball python corpse.
You see here a hobgoblin skeleton.
Found Maploer's Jewellery Emporium.
There is an entrance to Maploer's Jewellery Emporium here.
You can access your shopping list by pressing '$'.
A bat comes into view.
The bat misses you.
You closely miss the bat. The bat hits you. The bat closely misses you.
You closely miss the bat. The bat hits you but does no damage.
The bat closely misses you. The bat hits you but does no damage.
The bat closely misses you. The bat hits you but does no damage.
You hit the bat.
You kill the bat!
No target in view!
No target in view!
There is an entrance to Maploer's Jewellery Emporium here.
You can access your shopping list by pressing '$'.
An adder comes into view.
The adder hisses angrily.
An adder is nearby!
An adder is nearby!
An adder is nearby!
You slash the adder!
The adder is almost dead.
The adder barely misses you.
You hit the adder.
You kill the adder!
No target in view!
No target in view!
A giant cockroach comes into view.
Found an escape hatch in the floor.
A giant cockroach is nearby!
A giant cockroach is nearby!
Found a stone staircase leading down.
You hit the giant cockroach.
You kill the giant cockroach!
No target in view!
No target in view!
No target in view!
No target in view!
No target in view!
No target in view!
No target in view!
No target in view!
No target in view!
No target in view!
No target in view!
You see here a giant cockroach corpse.
A kobold comes into view. It is wielding a +0 dagger.
The kobold shouts!
A kobold is nearby!
A kobold is nearby!
You block the kobold's attack.
Your scale mail prevents you from hitting the kobold.
The kobold hits you but does no damage. The kobold hits you with a +0 dagger.
You closely miss the kobold. The kobold hits you but does no damage.
You closely miss the kobold. The kobold hits you with a +0 dagger.
You hit the kobold.
You kill the kobold!
No target in view!
No target in view!
An adder and a dart slug come into view.
The adder hisses angrily.
The adder moves out of view.
A dart slug is nearby!
A dart slug is nearby!
A dart slug is nearby!
The adder closely misses you. The dart slug launches a dart at you.
The slug dart hits you. The adder closely misses you.
You hit the adder.
The adder is lightly wounded.
The adder misses you.
You miss the adder.
The adder is lightly wounded.
The adder closely misses you. The adder barely misses you.
You barely miss the adder.
The adder is lightly wounded.
The adder closely misses you. You block the adder's attack.
You slash the adder!
You kill the adder!
An endoplasm comes into view.
Found a potion of curing.
The endoplasm quivers.
You slash the dart slug!
You kill the dart slug!
You have reached level 5!
Your demonic ancestry asserts itself...
Your fingernails lengthen.
Found a +0 dagger.
You hit the endoplasm but do no damage. The endoplasm freezes you.
You are frozen.
The endoplasm freezes you.
You are frozen.
You slash the endoplasm!
You kill the endoplasm!
No target in view!
No target in view!
No target in view!
No target in view!
No target in view!
No target in view!
No target in view!
No target in view!
No target in view!
No target in view!
No target in view!
i - a potion of curing A bat comes into view.
A bat is nearby!
You block the bat's attack. The bat hits you but does no damage.
You miss the bat. The bat closely misses you.
Your scale mail prevents you from hitting the bat.
The bat hits you but does no damage. The bat barely misses you.
The bat hits you but does no damage. The bat closely misses you.
The bat barely misses you. You block the bat's attack.
You hit the bat.
The bat is moderately wounded.
You block the bat's attack. The bat hits you but does no damage.
You barely miss the bat.
The bat is moderately wounded.
The bat hits you but does no damage. The bat misses you.
A bat is nearby!
A bat is nearby!
A bat is nearby!
You closely miss the bat.
The bat is moderately wounded.
The bat misses you. The bat barely misses you.
No target in view!
No target in view!
No target in view!
No target in view!
No target in view!
No target in view!
No target in view!
No target in view!
No target in view!
No target in view!
The bat hits you but does no damage. You block the bat's attack.
A bat is nearby!
A bat is nearby!
You miss the bat.
The bat is moderately wounded.
The bat barely misses you. The bat misses you.
You slash the bat!
You kill the bat!
No target in view!
No target in view!
No target in view!
No target in view!
No target in view!
No target in view!
No target in view!
No target in view!
No target in view!
No target in view!
Found 14 bolts.
You see here 14 bolts.
Ashenzari invites you to partake of a vision and a curse of fortitude and evocations.
Okay, then.
Found an escape hatch in the ceiling.
There is an escape hatch in the ceiling here.
There is an escape hatch in the ceiling here.
Found a stone staircase leading down.
There is a stone staircase leading down here.
Done exploring.
Done exploring.
No target in view!
Done exploring.
Done exploring.
Done exploring.
(D) Dungeon
Where to? (Enter - D:2 @ (x,y), ? - help)
There is a stone staircase leading down here.
You climb downwards.
Found 19 gold pieces.
Found a stone staircase leading down.
There is a stone staircase leading up here.
You now have 72 gold pieces (gained 19).
Found 21 stones.
An orc comes into view. It is wielding a +0 hand axe.
The orc shouts!
Okay, then.
Unknown command.
The orc barely misses you.
You closely miss the orc. The orc closely misses you.
A frilled lizard comes into view.
The frilled lizard hisses angrily.
You slash the orc!
You kill the orc!
You see here a +0 hand axe.
A frilled lizard is nearby!
You closely miss the frilled lizard. The frilled lizard bites you.
The frilled lizard closely misses you.
A frilled lizard is nearby!
You closely miss the frilled lizard. The frilled lizard bites you.
You miss the frilled lizard. The frilled lizard barely misses you.
You miss the frilled lizard.
The frilled lizard bites you but does no damage. x2
You closely miss the frilled lizard. The frilled lizard barely misses you.
You barely miss the frilled lizard.
The frilled lizard bites you but does no damage.
You closely miss the frilled lizard.
The frilled lizard unfolds its giant frill.
The frilled lizard barely misses you.
You slash the frilled lizard!
You kill the frilled lizard!
No target in view!
No target in view!
Found a +0 mace and a +0 spear.
Found an iron altar of Okawaru.
Found a +0 hand axe.
Found a +0 falchion.
A bat comes into view.
A hobgoblin comes into view.
Found a stone staircase leading down.
The hobgoblin shouts!
The bat hits you but does no damage.
You miss the bat. You block the bat's attack. You block the bat's attack.
The bat misses you. You block the bat's attack. You block the bat's attack. x2
You hit the hobgoblin.
The hobgoblin is lightly wounded.
The bat closely misses you.
The hobgoblin hits you but does no damage.
You hit the hobgoblin.
The hobgoblin is almost dead.
The bat barely misses you. The hobgoblin barely misses you.
You barely miss the hobgoblin.
The hobgoblin is almost dead.
You closely miss the bat. The bat barely misses you. x2
The hobgoblin barely misses you.
The hobgoblin hits you but does no damage.
You closely miss the hobgoblin.
The hobgoblin is almost dead.
You miss the bat. The bat hits you but does no damage.
You block the hobgoblin's attack. The bat hits you but does no damage.
You closely miss the hobgoblin.
The hobgoblin is almost dead.
Your scale mail prevents you from hitting the bat.
The bat hits you but does no damage.
The hobgoblin hits you but does no damage.
You slash the hobgoblin!
You kill the hobgoblin!
The bat misses you.
You slash the bat!
You kill the bat!
No target in view!
No target in view!
No target in view!
No target in view!
Found an escape hatch in the floor.
No target in view!
You now have 80 gold pieces (gained 8).
Found an escape hatch in the ceiling.
You now have 93 gold pieces (gained 13).
A giant cockroach comes into view.
A giant cockroach is nearby!
You slash the giant cockroach!
You kill the giant cockroach!
Found a stone staircase leading up.
You now have 111 gold pieces (gained 18).
You open the door.
There is an open door here.
Found a +0 chain mail.
You see here a +0 chain mail.
You open the large door.
An adder comes into view.
The adder hisses angrily.
There is a large open door here.
There is a large open door here.
A ball python comes into view.
The ball python hisses angrily.
You hit the adder.
The adder is lightly wounded.
The adder closely misses you. The adder bites you.
You closely miss the adder.
The adder is lightly wounded.
You block the adder's attack. The ball python closely misses you.
The ball python misses you. The adder barely misses you.
You slash the adder!
The adder is severely wounded.
You hit the ball python.
You kill the ball python!
The adder barely misses you.
You hit the adder.
The adder is almost dead.
The adder bites you.
You are poisoned.
The adder poisons you! The adder bites you but does no damage.
You closely miss the adder.
The adder is almost dead.
You feel sick. The adder bites you but does no damage.
Your scale mail prevents you from hitting the adder.
The adder is almost dead.
You feel sick. The adder misses you. The adder bites you but does no damage.
You barely miss the adder.
The adder is almost dead.
You feel sick. The adder misses you. The adder bites you but does no damage.
You closely miss the adder.
The adder is almost dead.
You feel sick.
You are no longer poisoned.
The adder closely misses you.
An adder is nearby!
An adder is nearby!
An adder is nearby!
You hit the adder.
The adder is almost dead.
You block the adder's attack. The adder closely misses you.
An adder is nearby!
An adder is nearby!
You miss the adder.
The adder is almost dead.
The adder bites you.
You are poisoned.
The adder poisons you! The adder barely misses you.
You barely miss the adder.
The adder is almost dead.
You feel sick. The adder bites you.
You are more poisoned.
The adder poisons you! The adder bites you.
* * * LOW HITPOINT WARNING * * *
You are too injured to fight recklessly!
An adder is nearby!
You are too injured to fight recklessly!
An adder is nearby!
You are too injured to fight recklessly!
An adder is nearby!
You feel sick. The adder misses you.
Are you sure you want to abandon this character and quit the game? (Confirm with "yes".)

....†............................
.>...............................
..........######.................
..........######.........########
#.................######.#
#....####................# #....#
................# .....#
................#
......#########†@.........
......#......##.S........
.............''.........
##......................
.............#########
##.............# .#.............#
.#.............# ....##.........#


You could see an adder.

Vanquished Creatures
  Terence (D:2)
  7 adders (D:2)
  A dart slug (D:2)
  An orc (D:3)
  2 endoplasms (D:2)
  4 giant cockroaches
  8 goblins
  7 hobgoblins
  2 jackals (D:1)
  5 ball pythons
  7 bats
  A frilled lizard (D:3)
  8 kobolds
  4 rats (D:1)
58 creatures vanquished.

Notes
Turn   | Place    | Note
-------+----------+-------------------------------------------
     0 | D:1      | sleeves the Demonspawn Fighter began the quest for the Orb.
     0 | D:1      | Reached XP level 1. HP: 18/18 MP: 1/1
    20 | D:1      | Reached skill level 2 in Axes
   157 | D:1      | Gained mutation: You regenerate magic rapidly. [demonic
                  | ancestry]
   157 | D:1      | Reached XP level 2. HP: 24/24 MP: 2/2
   192 | D:1      | HP: 10/24 [poisoned by a kobold]
   787 | D:1      | Reached skill level 3 in Axes
   889 | D:1      | Found a faded altar of an unknown god.
   920 | D:1      | Gained mutation: When hurt, damage is shared between your
                  | health and your magic reserves. [demonic ancestry]
   920 | D:1      | Reached XP level 3. HP: 22/29 MP: 3/3
  1013 | D:1      | Prayed at the altar of an unknown god.
  1013 | D:1      | Became a worshipper of Ashenzari the Shackled
  1450 | D:2      | Gained mutation: You are surrounded by a mild repulsion
                  | field. (EV +2) [demonic ancestry]
  1450 | D:2      | Reached XP level 4. HP: 24/35 MP: 2/4
  1453 | D:2      | Reached skill level 4 in Axes
  1581 | D:2      | Noticed Terence
  1588 | D:2      | HP: 17/35 [Terence (7)]
  1598 | D:2      | HP: 15/35 [Terence (3)]
  1601 | D:2      | Killed Terence
  1620 | D:2      | HP: 13/35 [constriction (1)]
  1835 | D:2      | Found Maploer's Jewellery Emporium.
  2001 | D:2      | Gained mutation: You have sharp fingernails. [demonic
                  | ancestry]
  2001 | D:2      | Reached XP level 5. HP: 40/41 MP: 5/5
  2323 | D:3      | Found an iron altar of Okawaru.
  2487 | D:3      | HP: 20/41 [adder (4)]
  2489 | D:3      | Quit the game

Illustrated notes

Levels and vault maps discovered:
D:1:      minmay_arrival_five_plusses, layout_basic,
          dreamdust_ecumenical_altar_angels_and_demons
D:2:      layout_loops_ring, serial_shops, nicolae_shop_stone,
          minmay_misc_feat_nine_boxes, minmay_tetromino_o4, uniq_terence
D:3:      layout_basic, okawaru_ov_weapons_minmay

Skill      XL: |  1  2  3  4 |
---------------+-------------+-----
Axes           | 2 3 4 |  4.8
Fighting       | |  3.0
Armour         | |  2.6
Shields        | |  2.6
Unarmed Combat | |  0.2

Action                   |  1- 3 |  4- 6 || total
-------------------------+-------+-------++-------
Melee: War axe           |   113 |    73 ||   186
Invok: Curse Item        |     1 |       ||     1
  Use: Potion            |     1 |       ||     1
Armor: Scale mail        |    74 |    35 ||   109
Dodge: Dodged            |    56 |    61 ||   117
Block: Buckler           |    37 |    20 ||    57

Table legend: (Time is in decaauts)
 A = Elapsed time spent in this place.
 B = Non-inter-level travel time spent in this place.
 C = Inter-level travel time spent in this place.
 D = Time resting spent in this place.
 E = Time spent auto-exploring this place.
 F = Levels seen in this place.
 G = Mean time per level.
                   A        B        C        D        E       F      G
               +--------+--------+--------+--------+--------+-----+--------+
         Total |   2554 |   2489 |     65 |    116 |   1919 |   3 |  851.3 |
       Dungeon |   2554 |   2489 |     65 |    116 |   1919 |   3 |  851.3 |
               +--------+--------+--------+--------+--------+-----+--------+

Top non-repeatable levels by time:
     D:1: 1251 daAuts
     D:2: 1095 daAuts
     D:3: 208 daAuts
